Get step-by-step instructions on how to execute this build order below. Start the game timer, and the build order will tick by so you can play in parallel with StarCraft on a second screen or mobile device.

Game Time

  0:00

Last Step

  N/A

Next Step

  12  0:00  SCV  

Upcoming Step

  13  0:13  SCV  

Don't want to look back and forth between 2 screens? Try out our Overwolf App, the Spawning Tool Build Advisor to get an in-game overlay with this build!

Complete Build Order

  12  0:00  SCV  
  13  0:13  SCV  
  14  0:18  Supply Depot  
  14  0:25  SCV  
  15  0:39  SCV  
  15  0:41  Barracks  
  16  0:45  Refinery  
  16  0:52  SCV  
  17  1:04  SCV  
  18  1:16  SCV  
  19  1:28  Orbital Command  
  19  1:29  Reaper  
  20  1:43  Command Center  
  20  1:51  Supply Depot  
  20  1:54  SCV  
  20  1:59  Refinery  
  21  2:02  Barracks Reactor  
  21  2:06  SCV  
  22  2:18  SCV  
  23  2:24  Factory  
  23  2:30  SCV  
  24  2:39  Marine x2  
  24  2:42  SCV  
  27  2:54  SCV  
  27  2:58  Orbital Command  
  28  3:07  SCV, Barracks  
  29  3:14  Starport  
  29  3:15  Barracks Tech Lab  
  29  3:17  Widow Mine  
  29  3:19  SCV  
  32  3:26  SCV  
  33  3:31  SCV  
  34  3:35  Stimpack  
  34  3:36  Bunker  
  34  3:38  SCV, Marine  
  36  3:43  SCV, Widow Mine  
  39  3:50  SCV  
  39  3:54  Medivac  
  39  3:55  SCV, Supply Depot  
  43  3:56  Marine  
  43  3:59  Barracks Reactor  
  45  4:02  SCV  
  45  4:07  SCV  
  45  4:08  Barracks  
  46  4:16  Widow Mine  
  48  4:18  Supply Depot  
  48  4:20  SCV x2  
  50  4:25  Starport Reactor  
  50  4:32  SCV x2  
  52  4:46  Marine  
  52  4:47  Marine  
  52  4:48  Supply Depot  
  52  4:50  Engineering Bay  
  52  4:52  Engineering Bay  
  54  5:00  Command Center  
  54  5:08  SCV x2  
  54  5:10  Supply Depot  
  54  5:11  Barracks Reactor  
  56  5:17  Refinery, Marine x3  
  56  5:18  Medivac  
  56  5:19  Refinery  
  56  5:20  SCV x2  
  63  5:21  Widow Mine  
  63  5:27  Terran Infantry Armor Level 1, Terran Infantry Weapons Level 1  
  65  5:32  SCV, Sensor Tower  
  67  5:35  SCV  
  67  5:42  Medivac  
  67  5:44  SCV  
  70  6:02  SCV x2  
  72  6:05  Supply Depot, Marine x3  
  72  6:06  Marine x2  
  72  6:08  Armory  
  72  6:11  Combat Shield  
  77  6:16  Orbital Command  
  77  6:19  SCV  
  77  6:20  SCV  
  77  6:23  Widow Mine, Marine x4  
  77  6:24  Sensor Tower  
  85  6:28  Supply Depot  
  85  6:40  Marine  
  85  6:41  Marine x2  
  85  6:44  Marine x2  
  85  6:45  Barracks  
  85  6:46  Widow Mine, Medivac  
  94  6:51  SCV x2, Supply Depot  
  96  6:58  Marine  
  96  6:59  Marine  
  98  7:04  Terran Vehicle Weapons Level 1  
  98  7:05  Marine x3  
  101  7:13  Widow Mine x2, Supply Depot  
  101  7:14  SCV  
  106  7:16  Marine x2  
  106  7:17  SCV  
  106  7:18  SCV  
  110  7:23  Terran Infantry Weapons Level 2, Marine x3  
  110  7:24  Terran Infantry Armor Level 2  
  113  7:34  Marauder, Marine  
  113  7:35  Supply Depot  
  116  7:41  Marine x2  
  118  7:48  SCV, Marine  
  120  7:52  Barracks Tech Lab, Marine  
  120  7:53  Barracks  
  120  7:55  Marine  
  120  7:56  SCV x2  
  124  7:59  Refinery, Marine x2  
  124  8:00  SCV  
  124  8:01  Refinery  
  127  8:06  Supply Depot, Medivac x2  
  127  8:07  Marine  
  127  8:08  SCV  
  127  8:11  Concussive Shells  
  133  8:14  Sensor Tower  
  133  8:27  Marine x4  
  133  8:28  SCV x2, Marauder  
  133  8:30  Supply Depot  
  133  8:34  Marauder  
  143  8:36  Command Center, Medivac  
  145  8:49  Marauder  
  145  8:52  Marine x3  
  145  8:53  Marine  
  145  8:55  Barracks Tech Lab, Marauder  
  153  8:57  Medivac  
  153  8:58  Barracks  
  153  9:01  Terran Vehicle Weapons Level 2  
  155  9:10  Marine x2  
  155  9:11  Marauder  
  155  9:12  Supply Depot  
  155  9:15  Marine x3  
  155  9:16  Marauder  
  168  9:17  Widow Mine x2  
  168  9:18  Medivac  
  170  9:27  Medivac  
  170  9:29  Marine  
  173  9:33  Marauder, Marine  
  173  9:38  Marauder  
  178  9:52  Marine x3  
  178  9:53  Marauder, Marine  
  178  9:54  Barracks Tech Lab  
  178  9:55  Marauder  
  178  9:56  SCV, Orbital Command  
  178  9:59  Marauder  
  188  10:07  Factory  
  188  10:10  Marine x4  
  192  10:14  Marauder  
  192  10:16  Marauder  
  196  10:25  Marauder  
  187  10:28  SCV  
  187  10:29  SCV x2  
  190  10:35  Medivac x2  
  190  10:36  Supply Depot, Marauder  
  196  10:53  Command Center  
  196  10:57  Factory Tech Lab  
  196  10:58  Marauder  
  198  11:06  Starport  
  170  11:33  Marauder x2, Marine x4  
  170  11:34  Marauder x2